 Dungeon Crawl Stone Soup version 0.28.0 (webtiles) character file.

Game seed: 12162707953423621260

461 Ayyar the Cudgeller (level 6, -6/48 HPs)
             Began as a Demonspawn Gladiator on Apr 23, 2022.
             Was a Follower of Okawaru.
             Mangled by an iguana (12 damage)
             ... on level 4 of the Dungeon.
             The game lasted 00:06:32 (3209 turns).

Ayyar the Cudgeller (Demonspawn Gladiator)          Turns: 3209, Time: 00:06:33

Health: -6/48      AC:  4    Str: 17    XL:     6   Next: 79%
Magic:  6/6        EV: 12    Int:  9    God:    Okawaru [*.....]
Gold:   116        SH:  0    Dex: 14    Spells: 5/5 levels left

rFire   . . .      SeeInvis .   a - +0 flail
rCold   . . .      Faith    .   (no shield)
rNeg    . . .      Spirit   .   b - +0 leather armour
rPois   .          Reflect  .   c - +0 helmet
rElec   .          Harm     .   (no cloak)
rCorr   .          Rampage  .   (no gloves)
Will    .....                   (no boots)
Stlth   +.........              (no amulet)
HPRegen 0.16/turn               (no ring)
MPRegen 0.10/turn               (no ring)

@: mighty
A: powered by death 1
a: Renounce Religion, Heroism


You were on level 4 of the Dungeon.
You worshipped Okawaru.
Okawaru was aware of your devotion.
You visited 1 branch of the dungeon, and saw 4 of its levels.

You collected 116 gold pieces.

Inventory:

Hand Weapons
 a - a +0 flail (weapon)
Missiles
 d - 3 throwing nets (quivered)
Armour
 b - a +0 leather armour (worn)
 c - a +0 helmet (worn)
Jewellery
 j - a ring of wizardry
 n - a ring of flight
Scrolls
 e - a scroll of summoning {unknown}
 f - a scroll of noise {unknown}
 g - 3 scrolls of identify {unknown}
 h - a scroll of holy word {unknown}
 k - a scroll of teleportation {unknown}
 l - 3 scrolls of fear {unknown}
 p - 4 scrolls of vulnerability {unknown}
Potions
 i - 2 potions of attraction {unknown}
 o - a potion of lignification {unknown}


   Skills:
 + Level 3.6 Fighting
 * Level 4.8 Maces & Flails
 + Level 3.3 Throwing
 + Level 2.3 Armour
 - Level 3.0 Dodging


You had 5 spell levels left.
You didn't know any spells.
Your spell library contained the following spells:

 Spells                   Type           Power      Damage    Failure   Level
 Ensorcelled Hibernation  Hex/Ice        0%         N/A       58%         2
 Passwall                 Tmut/Erth      0%         N/A       58%         2
 Swiftness                Air            0%         N/A       82%         3


Dungeon Overview and Level Annotations

Branches:
Dungeon (4/15)
 Temple: D:4-7

Altars:
Okawaru
Uskayaw

Shops:
D:2 *   D:3 (


Innate Abilities, Weirdness & Mutations

You regenerate a little health from kills.


Message History

The quasit bites you but does no damage.
The quasit claws you but does no damage.
The quasit closely misses you. The iron imp hits you!
* * * LOW HITPOINT WARNING * * *
The water moccasin skeleton barely misses you.
You sock Eustachio!
Eustachio is severely wounded.
The quasit closely misses you.
The quasit claws you but does no damage. x2
Eustachio barely misses you.
The water moccasin skeleton barely misses you.
The iron imp closely misses you. The quasit barely misses you.
The quasit closely misses you.
The quasit claws you but does no damage.
You sock Eustachio!
Eustachio is almost dead.
Eustachio casts a spell.
The iguana bites you but does no damage.
The water moccasin skeleton misses you. The quasit barely misses you.
The quasit claws you but does no damage. x2
The iron imp hits you.
* * * LOW HITPOINT WARNING * * *
Eustachio screams, "Hey, you killed my favourite bat!"
Eustachio hits you with a +0 rapier.
* * * LOW HITPOINT WARNING * * *
You sock Eustachio!
You kill Eustachio!
Okawaru is honoured by your kill.
The iron imp disappears in a puff of smoke!
The quasit disappears in a puff of smoke!
The rat disappears in a puff of smoke! x2
The water moccasin skeleton bites you.
* * * LOW HITPOINT WARNING * * *
The iguana barely misses you.
The water moccasin skeleton closely misses you.
The iguana closely misses you.
You barely miss the iguana.
The water moccasin skeleton barely misses you.
The iguana bites you!
You die...

#### ########...#
####........#
#.....).....#
#.#.#.#.#.#.#.#######
........Zl#.# ......#
..#.#.#.#@..#######.#
..........##......#.#
#.#.#.#.#.##......#.#
#..........>......#.#
..#.#.#.#..#......#.#
..........##......#
..###.#####......# #.
####.#.# #. #...# #


You could see an iguana and a water moccasin skeleton.

Vanquished Creatures
  Sigmund (D:4)
  Eustachio (D:4)
  An iguana (D:4)
  An orc wizard (D:3)
  4 gnolls
  2 adders (D:3)
  An adder zombie (D:3)
  3 dart slugs
  6 orcs (D:3)
  3 endoplasms
  2 giant cockroaches
  2 goblins
  2 hobgoblins (D:1)
  4 jackals (D:2)
  4 kobolds
  2 quokkas (D:1)
  4 ball pythons
  A ball python skeleton (D:3)
  4 bats
  3 frilled lizards (D:1)
  A quokka zombie (D:3)
  4 rats
56 creatures vanquished.

Notes
Turn   | Place    | Note
-------+----------+-------------------------------------------
     0 | D:1      | Ayyar the Demonspawn Gladiator began the quest for the Orb.
     0 | D:1      | Reached XP level 1. HP: 16/16 MP: 1/1
   658 | D:1      | Gained mutation: You regenerate a little health from kills.
                  | [demonic ancestry]
   658 | D:1      | Reached XP level 2. HP: 19/22 MP: 2/2
  1431 | D:2      | Found Zimeef's Assorted Antiques.
  1449 | D:2      | Found an iron altar of Okawaru.
  1460 | D:2      | Became a worshipper of Warmaster Okawaru
  1567 | D:2      | Reached skill level 3 in Maces & Flails
  1841 | D:2      | Found a faded altar of an unknown god.
  1849 | D:2      | Reached XP level 3. HP: 21/28 MP: 3/3
  2016 | D:3      | Found Mofoewi's Antique Weapon Shop.
  2419 | D:2      | Reached XP level 4. HP: 21/34 MP: 4/4
  2526 | D:3      | Reached skill level 1 in Armour
  2745 | D:3      | Reached XP level 5. HP: 28/40 MP: 5/5
  2822 | D:3      | Found a hide-covered altar of Uskayaw.
  3170 | D:4      | Noticed Sigmund
  3173 | D:4      | Reached skill level 4 in Maces & Flails
  3182 | D:4      | Killed Sigmund
  3182 | D:4      | Reached * piety under Okawaru
  3183 | D:4      | Reached XP level 6. HP: 37/47 MP: 6/6
  3191 | D:4      | Noticed Eustachio
  3206 | D:4      | Killed Eustachio
  3209 | D:4      | Mangled by an iguana

Illustrated notes

Levels and vault maps discovered:
D:1:      dpeg_arrival_three_smaller_balls, layout_basic
D:2:      layout_basic, basic_altar, serial_shops, shop,
          hellmonk_ecumenical_altar_dog_temple, minivault_24,
          kennysheep_small_spiral, minmay_misc_feat_rugged,
          chequers_serial_rivers_small_a
D:3:      layout_rooms, mainiacjoe_overflow_small_starburst, serial_shops, shop,
          serial_undead, serial_undead_e, serial_undead_c, serial_undead_a,
          serial_undead_f, serial_undead_e
D:4:      layout_loops_ring, tso_altar, nicolae_elyvilon_temple_path,
          minmay_temple_entry_offerings, serial_shops, nicolae_shop_stone,
          serial_co_window_serial, co_window_corner_a, co_window_paths_b,
          co_window_paths_a, co_window_of_opportunity_a, co_window_paths_a,
          co_window_corner_a, co_window_paths_a, co_window_broadway_c,
          co_window_corner_b, co_window_broadway_b, co_window_corner_ca,
          co_window_corner_b, glass_columns_a, glass_columns_a, glass_columns_a,
          glass_columns_c, glass_columns_a, eino_small_chamber_without_monster,
          uniq_eustachio, uniq_ijyb, uniq_sigmund, uniq_duvessa

Skill      XL: |  1  2  3  4  5 |
---------------+----------------+-----
Throwing       | 2 3 |  3.3
Dodging        | 3 |  3.0
Maces & Flails | 3 4 |  4.8
Armour         | 1 2 |  2.3
Fighting       | 3 |  3.6

Action                   |  1- 3 |  4- 6 || total
-------------------------+-------+-------++-------
Melee: Flail             |   116 |    63 ||   179
       Punch             |     1 |       ||     1
  Use: Potion            |       |     3 ||     3
 Stab: Sleeping          |     1 |       ||     1
Armor: Leather armour    |    51 |    25 ||    76
Dodge: Dodged            |    85 |    56 ||   141
